 Dungeon Crawl Stone Soup version 0.18.1-6-gd335043 (webtiles) character file.

891 lightmor the Cleaver (level 7, -2/57 HPs)
             Began as a Minotaur Berserker on May 17, 2016.
             Was an Elder of Trog.
             Slain by a wight
             ... wielding a +0 long sword
              (11 damage)
             ... on level 6 of the Dungeon.
             The game lasted 00:06:13 (4325 turns).

lightmor the Cleaver (Minotaur Berserker)           Turns: 4325, Time: 00:06:13

Health: -2/57      AC:  2    Str: 24    XL:     7   Next: 77%
Magic:  6/6        EV: 11    Int:  4    God:    Trog [****..]
Gold:   208        SH:  0    Dex:  9    Spells: 0 memorised, 6 levels left

rFire  . . .     SeeInvis .     u - +0 hand axe (holy)
rCold  . . .     Gourm    .     b - +0 animal skin
rNeg   . . .     Faith    .     (no shield)
rPois  .         Spirit   .     (helmet restricted)
rElec  .         Dismiss  .     (no cloak)
rCorr  .         Reflect  .     (no gloves)
SustAt .         Harm     .     (no boots)
MR     .....                    i - amulet of magic regeneration
Stlth  +.........               (no ring)
                                (no ring)

@: exhausted, slowed, drained, very slow, not resistant to hostile enchantments,
very unstealthy
A: retaliatory headbutt, horns 2
a: Berserk, Trog's Hand, Brothers in Arms, Burn Spellbooks, Renounce Religion


You were on level 6 of the Dungeon.
You worshipped Trog.
Trog was greatly pleased with you.
You were very hungry.

You visited 1 branch of the dungeon, and saw 6 of its levels.

You collected 208 gold pieces.

Inventory:

Hand Weapons
 a - a +0 hand axe
 u - a +0 hand axe of holy wrath (weapon)
Armour
 b - a +0 animal skin (worn)
Jewellery
 i - an amulet of magic regeneration (around neck)
Wands
 q - a wand of slowing (48/48)
Scrolls
 k - a scroll of amnesia {unknown}
 m - a scroll of blinking {unknown}
 o - 2 scrolls of recharging
 p - 2 scrolls of remove curse
 r - a scroll of enchant armour {unknown}
 s - a scroll of immolation
Potions
 d - a potion of magic
 e - 2 potions of mutation
 f - 2 potions of flight
 g - 3 potions of resistance {unknown}
 h - 3 potions of curing
 j - 3 potions of heal wounds
 n - a potion of brilliance {unknown}
 t - a potion of degeneration {unknown}
 v - a potion of haste {unknown}
 w - 2 potions of invisibility
Comestibles
 c - 2 bread rations
 l - a meat ration
 x - a beef jerky
 z - a royal jelly
 A - 8 fruits


   Skills:
 - Level 3.6(2.8) Fighting
 * Level 11.0(10.1) Axes
 - Level 2.4(1.6) Armour
 - Level 2.1(1.4) Dodging


You had 6 spell levels left.
You didn't know any spells.

Dungeon Overview and Level Annotations

Branches:
Dungeon (6/15)
 Temple: D:4-7

Altars:
Ashenzari
Dithmenos
Fedhas
Makhleb
Nemelex Xobeh
Okawaru
Ru
Xom
Yredelemnul
Zin
The Shining One


Innate Abilities, Weirdness & Mutations

You reflexively headbutt those who attack you in melee.
You have a pair of horns on your head.


Message History

You barely miss the wight.
You headbutt the wight, but do no damage.
The wight is severely damaged.
The wight hits you with a long sword.
* * * LOW HITPOINT WARNING * * *
You feel drained.
You hit the wight but do no damage. Your headbutt misses the wight.
The wight is severely damaged.
The wight hits you with a long sword.
* * * LOW HITPOINT WARNING * * *
Things that are here:
a long sword; a robe Your skin stops crawling.
You feel less resistant to hostile enchantments.
The wight hits you with a long sword.
* * * LOW HITPOINT WARNING * * *
You feel drained.
* * * LOW HITPOINT WARNING * * *
The wight hits you with a long sword!
You die...

.. #.)# ..>####)##
......#.# #..)#
###)## #..## ##..#
##z.## ######### ##.
##.@.# #..##...#
#...#####.##.+
#........
#........#####
##..####. #........#
##..# ## #....###.#
####...# # #...
#.########......#####
#.
##..............#....
#....##............##
#...#####........####


You could see a wight.

Vanquished Creatures
  A phantom (D:4)
  A scorpion (D:5)
  4 wights (D:6)
  3 crimson imps
  A giant frog skeleton (D:5)
  A hound (D:6)
  Jessica (D:2)
  Terence (D:3)
  Natasha (thrice) (D:2)
  An iguana (D:4)
  2 worker ants
  3 gnolls (D:4)
  8 adders
  An ooze (D:2)
  An adder skeleton (D:4)
  6 worms
  A dart slug (D:1)
  A giant gecko (D:3)
  5 orcs
  7 bats
  2 giant cockroaches
  5 goblins
  16 hobgoblins
  12 jackals
  A quokka (D:3)
  7 giant newts
  A goblin skeleton (D:4)
  A goblin zombie (D:4)
  A hobgoblin zombie (D:4)
  7 kobolds
  3 kobold skeletons (D:4)
  3 orc skeletons (D:4)
  2 orc zombies (D:4)
  A quokka skeleton (D:4)
  10 rats
124 creatures vanquished.

Notes
Turn   | Place    | Note
--------------------------------------------------------------
     0 | D:1      | lightmor the Minotaur Berserker began the quest for the Orb.
     0 | D:1      | Reached XP level 1. HP: 19/19 MP: 0/0
    31 | D:1      | Reached skill level 4 in Axes
    46 | D:1      | Reached XP level 2. HP: 17/26 MP: 1/1
   461 | D:1      | Reached skill level 5 in Axes
   518 | D:1      | Reached ** piety under Trog
   663 | D:1      | Found a shattered altar of Ashenzari.
   699 | D:2      | Reached XP level 3. HP: 28/31 MP: 2/2
   725 | D:2      | Found a glowing silver altar of Zin.
   739 | D:2      | Found a shadowy altar of Dithmenos.
   872 | D:2      | Found an iron altar of Okawaru.
  1083 | D:2      | Found a sparkling altar of Nemelex Xobeh.
  1155 | D:2      | Noticed Natasha
  1161 | D:2      | Killed Natasha
  1161 | D:2      | Reached skill level 6 in Axes
  1161 | D:2      | Reached XP level 4. HP: 31/39 MP: 3/3
  1192 | D:2      | Noticed Natasha
  1196 | D:2      | Killed Natasha
  1370 | D:2      | Noticed Jessica
  1381 | D:2      | Killed Jessica
  1381 | D:2      | Reached skill level 7 in Axes
  1381 | D:2      | Reached XP level 5. HP: 45/45 MP: 4/4
  1540 | D:2      | Noticed Natasha
  1545 | D:2      | Killed Natasha
  1613 | D:3      | Reached *** piety under Trog
  1963 | D:3      | Found a shimmering altar of Xom.
  1964 | D:3      | Found a burning altar of Makhleb.
  2013 | D:3      | Reached skill level 8 in Axes
  2112 | D:3      | Noticed Terence
  2120 | D:3      | Killed Terence
  2120 | D:3      | Reached XP level 6. HP: 34/51 MP: 5/5
  2286 | D:3      | Found a sacrificial altar of Ru.
  2617 | D:4      | Found a glowing golden altar of the Shining One.
  2668 | D:4      | Reached skill level 9 in Axes
  2758 | D:4      | Found a blossoming altar of Fedhas.
  2973 | D:4      | Reached XP level 7. HP: 44/57 MP: 6/6
  3308 | D:5      | Entered Level 5 of the Dungeon
  3405 | D:5      | Found a basalt altar of Yredelemnul.
  3455 | D:5      | Found a shattered altar of Ashenzari.
  3503 | D:5      | Reached skill level 10 in Axes
  3589 | D:5      | Found a sacrificial altar of Ru.
  3969 | D:5      | Reached **** piety under Trog
  4307 | D:6      | Reached skill level 11 in Axes
  4325 | D:6      | Slain by a wight

Skill      XL: |  1  2  3  4  5  6  7 |
---------------+----------------------+-----
Axes           | 4 5 6 7 8 9 11 | 11.0
Fighting       | |  3.6
Armour         | |  2.4
Dodging        | |  2.1

Action                   |  1- 3 |  4- 6 |  7- 9 || total
-------------------------+-------+-------+-------++-------
Melee: Hand axe          |    91 |   160 |    53 ||   304
       Headbutt          |     8 |    31 |    10 ||    49
Invok: Berserk           |     2 |     2 |     1 ||     5
       Trog's Hand       |       |     1 |     1 ||     2
       Burn Spellbooks   |       |       |     1 ||     1
  Use: Scroll            |     2 |     5 |     3 ||    10
  Eat: Chunk             |     2 |     9 |     4 ||    15
Armor: Animal skin       |    25 |    13 |     4 ||    42
Dodge: Dodged            |    64 |    87 |    19 ||   170
